[Event "ICC tourney 2784 (30 10)"]
[Site "Internet Chess Club"]
[Date "2022.01.02"]
[Round "1"]
[White "SIMPSON, MICHAEL:MichaelSimpson"]
[Black "TU, LAWRENCE:LawrenceTu"]
[Result "1-0"]
[ICCResult "Black checkmated"]
[WhiteElo "1950"]
[BlackElo "1633"]
[Opening "Sicilian: Najdorf, Byrne (English) attack"]
[ECO "B90"]
[NIC "SI.14"]
[Time "12:00:30"]
[PlyCount "51"]
[TimeControl "1800+10"]

1. e4 c5 2. Nf3 d6 3. d4 cxd4 4. Nxd4 Nf6 5. Nc3 a6 6. Be3 e5 7. Nb3 Be6 8.
Qd2 Be7 9. f3 Nbd7 10. g4 h6 11. O-O-O b5 12. Kb1 Qc7 13. h4 b4 14. Nd5 Bxd5
15. exd5 a5 16. Bb5 O-O 17. g5 hxg5 18. hxg5 Nh7 19. Qh2 f5 20. Qxh7+ Kf7
21. g6+ Ke8 22. Qxg7 a4 23. Rh7 Qd8 24. Qf7+ Rxf7 25. gxf7+ Kf8 26. Bh6#
{Black checkmated}
1-0

[Event "ICC tourney 2784 (30 10)"]
[Site "Internet Chess Club"]
[Date "2022.01.02"]
[Round "1"]
[White "Nguyen, Lam Vuong Tung:Simplicitybest"]
[Black "BAJAJ, ARJUN:LuckyNessLover"]
[Result "1-0"]
[ICCResult "Black resigns"]
[WhiteElo "1800"]
[BlackElo "1551"]
[Opening "Queen's pawn game, Darooha variation "]
[ECO "D02"]
[NIC "QP.06"]
[Time "12:00:34"]
[PlyCount "101"]
[TimeControl "1800+10"]

1. d4 Nf6 2. Nf3 d5 3. g3 Bf5 4. Bg2 e6 5. O-O c5 6. c4 Nc6 7. Nc3 Be7 8.
dxc5 Bxc5 9. Nh4 d4 10. Nxf5 exf5 11. Nd5 O-O 12. Bg5 Be7 13. Nxe7+ Qxe7 14.
Bxc6 bxc6 15. Qxd4 Rfd8 16. Qc3 h6 17. Bxf6 Qxf6 18. Qxf6 gxf6 19. Rfd1 Rab8
20. b3 Kf8 21. Kg2 Ke7 22. Kf3 Ke6 23. Kf4 h5 24. Rd3 h4 25. Rad1 Rxd3 26.
Rxd3 hxg3 27. fxg3 Rh8 28. h4 Rg8 29. Re3+ Kd6 30. Kxf5 Rg6 31. h5 Rh6 32.
g4 Kc5 33. Re7 a5 34. Rxf7 Rh8 35. Rxf6 Rc8 36. h6 Kb4 37. h7 Ka3 38. Kg6
Kxa2 39. Kg7 Kxb3 40. h8=Q Rxh8 41. Kxh8 c5 42. Ra6 a4 43. g5 a3 44. g6 a2
45. g7 Kb2 46. g8=Q a1=Q 47. Qg7+ Kb3 48. Qxa1 Kc2 49. Ra3 Kd2 50. Qb2+ Ke1
51. e4 {Black resigns} 1-0

[Event "ICC tourney 2784 (30 10)"]
[Site "Internet Chess Club"]
[Date "2022.01.02"]
[Round "1"]
[White "VIKAS, HEMA:madscience08"]
[Black "LIN, BENJAMIN GU:bgl2011"]
[Result "1-0"]
[ICCResult "Black resigns"]
[WhiteElo "1407"]
[BlackElo "1655"]
[Opening "Ruy Lopez: Anderssen variation"]
[ECO "C77"]
[NIC "RL.12"]
[Time "12:01:00"]
[PlyCount "85"]
[TimeControl "1800+10"]

1. e4 e5 2. Nf3 Nc6 3. Bb5 a6 4. Ba4 Nf6 5. d3 b5 6. Bb3 Bc5 7. O-O O-O 8.
a4 Rb8 9. axb5 axb5 10. c3 d6 11. Be3 Bb6 12. Bxb6 Rxb6 13. Re1 Re8 14. Nbd2
Bg4 15. h3 Bh5 16. Nf1 b4 17. Ba4 Rf8 18. Ng3 Bg6 19. d4 Qe7 20. d5 Nb8 21.
c4 Nbd7 22. Bc2 Nc5 23. b3 Rbb8 24. Nh4 Ra8 25. Nhf5 Qd7 26. Qf3 c6 27. dxc6
Qxc6 28. Ne7+ Kh8 29. Nxc6 Rac8 30. Ne7 Rce8 31. Nxg6+ fxg6 32. Qd1 Rd8 33.
Ra7 Kg8 34. Qa1 Rb8 35. Qa5 Rfd8 36. Ra1 Rdc8 37. Re7 Kf8 38. Qa7 Ncd7 39.
Rxd7 Nxd7 40. Qxd7 Rd8 41. Qc7 Rbc8 42. Qb6 Rb8 43. Qe3 {Black resigns} 1-0

[Event "ICC tourney 2784 (30 10)"]
[Site "Internet Chess Club"]
[Date "2022.01.02"]
[Round "1"]
[White "TREUSDELL, ROSS G:IveDoneEnough"]
[Black "GILLMAN, JONES:JonesGill"]
[Result "1-0"]
[ICCResult "Black resigns"]
[WhiteElo "1754"]
[BlackElo "1534"]
[Opening "Alekhine's defense"]
[ECO "B03"]
[NIC "AL.09"]
[Time "12:00:30"]
[PlyCount "87"]
[TimeControl "1800+10"]

1. e4 Nf6 2. e5 Nd5 3. d4 Nb6 4. f4 d6 5. Nf3 g6 6. Bd3 Bg7 7. Nc3 N8d7 8.
h4 h5 9. Ng5 Nf8 10. Be3 Bg4 11. Qd2 Ne6 12. Nce4 Bh6 13. O-O Bxg5 14. fxg5
O-O 15. exd6 cxd6 16. a4 Ng7 17. c4 Rc8 18. b3 Nf5 19. Nf2 Nxe3 20. Qxe3 Bd7
21. Nh3 Bxh3 22. Qxh3 Qd7 23. Qe3 Rce8 24. a5 Nc8 25. Be2 e6 26. g4 hxg4 27.
Bxg4 d5 28. c5 Ne7 29. Rf6 Qc7 30. b4 Nc6 31. h5 e5 32. hxg6 fxg6 33. Rxg6+
Kh7 34. Rh6+ Kg7 35. Qh3 Rh8 36. Rf1 Ne7 37. Be6 Ng6 38. Rf6 Nf4 39. Qf5
Rxe6 40. Rxe6 Ne2+ 41. Kf2 Qf7 42. Reg6+ Kf8 43. Rxh8+ Ke7 44. Rf6
{Black resigns}
1-0

[Event "ICC tourney 2784 (30 10)"]
[Site "Internet Chess Club"]
[Date "2022.01.02"]
[Round "1"]
[White "REISS, AIDEN:K09-16581243"]
[Black "PHADKE, VIRAJ SHARAD:virajphadke"]
[Result "1-0"]
[ICCResult "Black checkmated"]
[WhiteElo "1817"]
[BlackElo "1598"]
[Opening "two knights: Max Lange attack"]
[ECO "C50"]
[NIC "IG.02"]
[Time "12:00:39"]
[PlyCount "73"]
[TimeControl "1800+10"]

1. e4 e5 2. Nf3 Nc6 3. Bc4 Bc5 4. O-O Nf6 5. d4 exd4 6. e5 d5 7. exf6 dxc4
8. fxg7 Rg8 9. Re1+ Be6 10. Bg5 Be7 11. Bxe7 Qxe7 12. Nxd4 O-O-O 13. Nxc6
bxc6 14. Qf3 Qc5 15. Nc3 Rxg7 16. Rad1 Rdg8 17. g3 Bg4 18. Qf4 Bxd1 19. Rxd1
f5 20. Ne2 Rg4 21. Qf3 h5 22. Nf4 h4 23. Ne6 Qb6 24. Qxf5 Qb5 25. Nc5+ Kb8
26. Qxg4 Rc8 27. Nd7+ Kb7 28. Rd4 Re8 29. Rxc4 Re1+ 30. Kg2 Qd5+ 31. Kh3 Re8
32. Nc5+ Kb6 33. Nd7+ Kb7 34. Nf6 Qf7 35. Nxe8 hxg3 36. Rb4+ Ka8 37. Qc8#
{Black checkmated}
1-0

[Event "ICC tourney 2784 (30 10)"]
[Site "Internet Chess Club"]
[Date "2022.01.02"]
[Round "1"]
[White "WANG, ISAAC:CoastalJourney"]
[Black "TANG, VINCENT:VincentT2008"]
[Result "1-0"]
[ICCResult "Black checkmated"]
[WhiteElo "1541"]
[BlackElo "1767"]
[Opening "Benkö gambit half accepted"]
[ECO "A57"]
[NIC "BI.45"]
[Time "12:01:11"]
[PlyCount "99"]
[TimeControl "1800+10"]

1. d4 Nf6 2. c4 c5 3. d5 b5 4. cxb5 a6 5. f3 d6 6. e4 g6 7. Nc3 Bg7 8. Bd3
O-O 9. Nge2 axb5 10. Bxb5 Ba6 11. Bxa6 Rxa6 12. O-O Nbd7 13. Be3 Ne5 14. b3
Qa5 15. Qc2 Rfa8 16. Rab1 e6 17. dxe6 fxe6 18. Rfd1 Ne8 19. Na4 Qb5 20. Nec3
Qb7 21. Ne2 Nc7 22. Rbc1 Nb5 23. Nf4 Bh6 24. Qf2 Qf7 25. Ne2 Bg7 26. h3 Nd7
27. Rd2 Nb6 28. Nxb6 Rxb6 29. Rcd1 Ra3 30. b4 Nc3 31. Nxc3 Bxc3 32. Rxd6
Rxd6 33. Rxd6 cxb4 34. Rd8+ Kg7 35. Qh4 h5 36. Qg5 e5 37. Qh6+ Kf6 38. Rf8
Be1 39. Bg5+ Ke6 40. Rxf7 Kxf7 41. Qh7+ Ke6 42. Qxg6+ Kd7 43. Qf7+ Kc6 44.
Qc4+ Kb6 45. Bd8+ Kb7 46. Qc7+ Ka8 47. Qc6+ Ka7 48. Bb6+ Kb8 49. Qc7+ Ka8
50. Qc8# {Black checkmated} 1-0

[Event "ICC tourney 2784 (30 10)"]
[Site "Internet Chess Club"]
[Date "2022.01.02"]
[Round "1"]
[White "Vishwa, Susheel:sushivishwa"]
[Black "PRIYADARSHI, VED:ved2006"]
[Result "1-0"]
[ICCResult "Black checkmated"]
[WhiteElo "1964"]
[BlackElo "1650"]
[Opening "French: Tarrasch, open variation"]
[ECO "C07"]
[NIC "FR.18"]
[Time "12:00:30"]
[PlyCount "45"]
[TimeControl "1800+10"]

1. e4 e6 2. d4 d5 3. Nd2 c5 4. Ngf3 Nc6 5. exd5 Qxd5 6. Bc4 Qd8 7. dxc5 Bxc5
8. O-O Nf6 9. Qe2 O-O 10. Ne4 Nxe4 11. Qxe4 Be7 12. Bf4 Bf6 13. c3 Re8 14.
Rad1 Qb6 15. Rd2 g6 16. Rfd1 e5 17. Bg5 Bf5 18. Qh4 Bg7 19. Bh6 e4 20. Bxg7
exf3 21. Qf6 Qc7 22. Bh6 Qe5 23. Bxf7# {Black checkmated} 1-0

[Event "ICC tourney 2784 (30 10)"]
[Site "Internet Chess Club"]
[Date "2022.01.02"]
[Round "1"]
[White "WANG, ALEXANDER J:ickyquarter"]
[Black "PU, LANDON:landonp"]
[Result "1-0"]
[ICCResult "Black resigns"]
[WhiteElo "1865"]
[BlackElo "1632"]
[Opening "Ruy Lopez: Morphy defense"]
[ECO "C77"]
[NIC "RL.12"]
[Time "12:00:31"]
[PlyCount "49"]
[TimeControl "1800+10"]

1. e4 e5 2. Nf3 Nc6 3. Bb5 a6 4. Ba4 Nf6 5. d4 b5 6. dxe5 Ng4 7. Bb3 Qe7 8.
Nc3 Ncxe5 9. Nd5 Qc5 10. O-O d6 11. Nxe5 Nxe5 12. Be3 Qc6 13. Nf6+ gxf6 14.
Bd5 Qd7 15. Bxa8 Rg8 16. Kh1 Rxg2 17. Kxg2 Qh3+ 18. Kh1 Nf3 19. Bf4 Bg4 20.
Qd3 Bh6 21. Qe3 Bg5 22. Rg1 Qh6 23. Rxg4 Nxh2 24. Bxg5 Qh3 25. Qxh3
{Black resigns}
1-0

[Event "ICC tourney 2784 (30 10)"]
[Site "Internet Chess Club"]
[Date "2022.01.02"]
[Round "1"]
[White "VIDENA, DANIEL TUAPEN:Davide25"]
[Black "WILSON, MATTHEW R:roamingmatt"]
[Result "1-0"]
[ICCResult "Black resigns"]
[WhiteElo "1633"]
[BlackElo "1900"]
[Opening "QGD: 4.Bg5 Be7"]
[ECO "D53"]
[NIC "QO.13"]
[Time "12:01:11"]
[PlyCount "87"]
[TimeControl "1800+10"]

1. d4 d5 2. c4 e6 3. Nc3 Nf6 4. Bg5 Be7 5. e3 h6 6. Bh4 Nbd7 7. Nf3 O-O 8.
Qc2 b6 9. Rc1 Bb7 10. cxd5 exd5 11. Bd3 Ne4 12. Nxe4 Bxh4 13. Nxh4 Qxh4 14.
Nd2 c6 15. O-O Nf6 16. b4 Rac8 17. Rb1 Rfe8 18. Rfc1 Ng4 19. Nf3 Qh5 20. h3
Nf6 21. Ne5 Ne4 22. Bxe4 dxe4 23. Qxe4 f6 24. Qg4 Qxg4 25. Nxg4 h5 26. Nh2
c5 27. bxc5 Be4 28. Rb4 bxc5 29. Rxc5 Rxc5 30. dxc5 a5 31. Rc4 Bd5 32. Rc2
Rb8 33. Nf3 Rb1+ 34. Kh2 Bxf3 35. gxf3 Kf7 36. c6 Rb8 37. Rc5 a4 38. c7 Rc8
39. Kg3 Ke6 40. Kh4 g6 41. Rc6+ Ke7 42. f4 Kd7 43. Rxf6 Kxc7 44. Ra6
{Black resigns}
1-0

[Event "ICC tourney 2784 (30 10)"]
[Site "Internet Chess Club"]
[Date "2022.01.02"]
[Round "1"]
[White "DAS, ADITEYA:AdiD"]
[Black "THAIN, JACK:jt1819"]
[Result "0-1"]
[ICCResult "White resigns"]
[WhiteElo "1436"]
[BlackElo "1701"]
[Opening "Caro-Kann: classical, 6.h4"]
[ECO "B18"]
[NIC "CK.12"]
[Time "12:00:31"]
[PlyCount "126"]
[TimeControl "1800+10"]

1. e4 c6 2. d4 d5 3. Nc3 dxe4 4. Nxe4 Bf5 5. Ng3 Bg6 6. h4 h6 7. h5 Bh7 8.
Nf3 Nd7 9. Bd3 Bxd3 10. Qxd3 Ngf6 11. Bf4 e6 12. O-O-O Be7 13. Ne5 O-O 14.
Ne4 Nxe4 15. Qxe4 Nf6 16. Qe2 Qd5 17. f3 Qxa2 18. c3 Nd5 19. Bd2 a5 20. Qc4
Qxc4 21. Nxc4 b5 22. Ne5 Rfc8 23. c4 Nb6 24. c5 Nd5 25. f4 a4 26. Kc2 f6 27.
Nd3 Kf7 28. g4 Bd8 29. Rdf1 Ba5 30. g5 Bxd2 31. Kxd2 Ke7 32. Rhg1 Rg8 33.
Rg3 b4 34. Rfg1 Kf7 35. Rf3 b3 36. Nf2 Rgb8 37. Ne4 a3 38. gxh6 gxh6 39.
Nd6+ Ke7 40. Rg7+ Kd8 41. Nf7+ Kd7 42. Ne5+ Ke8 43. Rg8+ Ke7 44. Rg7+ Kf8
45. Rfg3 fxe5 46. Rg8+ Kf7 47. R3g7+ Kf6 48. fxe5+ Kf5 49. Rf7+ Ke4 50. Rg4+
Nf4 51. Rgxf4+ Kd5 52. Kc3 Rd8 53. Rf1 a2 54. Ra1 Rab8 55. Re1 Ra8 56. Rff1
Rg8 57. Kxb3 Rg3+ 58. Kb4 Rb8+ 59. Ka4 Rg7 60. b4 Rg3 61. b5 Rxb5 62. Rf7
Rb1 63. Rd7+ Kc4 {White resigns} 0-1

[Event "ICC tourney 2784 (30 10)"]
[Site "Internet Chess Club"]
[Date "2022.01.02"]
[Round "1"]
[White "CHIANG, JACOB:Cobysters"]
[Black "Jin, Xiaodong:SuperWJ"]
[Result "1-0"]
[ICCResult "Black resigns"]
[WhiteElo "1831"]
[BlackElo "1615"]
[Opening "Nimzo-Indian: classical, 4...c5"]
[ECO "E38"]
[NIC "NI.22"]
[Time "12:00:40"]
[PlyCount "131"]
[TimeControl "1800+10"]

1. c4 Nf6 2. Nc3 e6 3. d4 Bb4 4. Qc2 c5 5. Nf3 cxd4 6. Nxd4 Nc6 7. e3 d5 8.
a3 Be7 9. cxd5 Nxd4 10. exd4 Nxd5 11. Bd3 f5 12. O-O O-O 13. Re1 Bf6 14. Bc4
Bxd4 15. Nxd5 exd5 16. Ba2 Kh8 17. Bf4 Qb6 18. Re2 Bd7 19. Rd1 Rac8 20. Qd2
Bb5 21. Ree1 Bf6 22. Be3 d4 23. Bxd4 Bxd4 24. Qxd4 Qxd4 25. Rxd4 Rc2 26. Rb4
Bc6 27. f3 Rd8 28. Bb1 Rc5 29. Rb3 Rcd5 30. Rbe3 g6 31. b4 Rd2 32. g3 a6 33.
h4 Rb2 34. Bd3 Rd2 35. Bc4 R8d4 36. Bf1 Rd1 37. Rxd1 Rxd1 38. Kf2 h5 39. Be2
Rd4 40. Re7 Rd2 41. Re3 Kg7 42. Ke1 Rd6 43. Bc4 Kf6 44. Ke2 b5 45. Bb3 Bd5
46. Rd3 Re6+ 47. Kd2 Bxb3 48. Rxb3 Rd6+ 49. Rd3 Rxd3+ 50. Kxd3 Ke5 51. Kc3
f4 52. g4 hxg4 53. fxg4 f3 54. Kd2 Kf4 55. h5 gxh5 56. gxh5 Kg5 57. Ke3 Kxh5
58. Kxf3 Kg5 59. Ke4 Kf6 60. Kd5 Ke7 61. Kc6 Ke6 62. Kb6 Kd5 63. Kxa6 Kc4
64. Ka5 Kb3 65. Kxb5 Kxa3 66. Kc5 {Black resigns} 1-0

[Event "ICC tourney 2784 (30 10)"]
[Site "Internet Chess Club"]
[Date "2022.01.02"]
[Round "1"]
[White "CHINNI, RISHABH:alphachesplayer"]
[Black "ZHANG, ALEX:yangjunboy7"]
[Result "0-1"]
[ICCResult "White resigns"]
[WhiteElo "1555"]
[BlackElo "1808"]
[Opening "Caro-Kann: two knights variation"]
[ECO "B10"]
[NIC "CK.01"]
[Time "12:00:31"]
[PlyCount "118"]
[TimeControl "1800+10"]

1. e4 c6 2. Nf3 d5 3. Nc3 dxe4 4. Nxe4 Nf6 5. Qe2 Nxe4 6. Qxe4 Qa5 7. Bc4
Bf5 8. Qe5 Qxe5+ 9. Nxe5 e6 10. d3 h5 11. Be3 Bd6 12. Nf3 Nd7 13. Nd4 Bg6
14. O-O Ne5 15. Bb3 Ng4 16. Nf3 Nxe3 17. fxe3 Ke7 18. d4 c5 19. Rad1 h4 20.
h3 f6 21. Rfe1 Bh5 22. Rd2 g5 23. Red1 Rad8 24. dxc5 Bxc5 25. Rxd8 Rxd8 26.
Rxd8 Bxe3+ 27. Kf1 Kxd8 28. Bxe6 Bg6 29. Ke2 Bc1 30. b3 Bxc2 31. Nd4 Be4 32.
Kf2 Ke7 33. Bc4 a6 34. Nf3 b5 35. Be2 Kd6 36. g4 Ba3 37. Nd2 Bc5+ 38. Kf1
Bc6 39. Bd3 Ke5 40. a4 Kf4 41. axb5 Bxb5 42. Bxb5 axb5 43. Kg2 Ke3 44. Nf3
Kd3 45. Kf1 Kc3 46. Ke2 Kxb3 47. Kd3 Ka2 48. Nd2 Kb2 49. Ne4 Be7 50. Nc3 b4
51. Nd5 Bf8 52. Nxf6 b3 53. Ne4 Kc1 54. Nd2 b2 55. Nb3+ Kd1 56. Nd2 Bb4 57.
Nb1 Kc1 58. Kc4 Kxb1 59. Kxb4 Kc1 {White resigns} 0-1

[Event "ICC tourney 2784 (30 10)"]
[Site "Internet Chess Club"]
[Date "2022.01.02"]
[Round "1"]
[White "WAKIDA, KEN:Yamato1945"]
[Black "BIST, ATHARVA:Atharva10"]
[Result "0-1"]
[ICCResult "White resigns"]
[WhiteElo "1617"]
[BlackElo "1861"]
[Opening "Queen's pawn game"]
[ECO "E20"]
[NIC "QP.07"]
[Time "12:00:33"]
[PlyCount "230"]
[TimeControl "1800+10"]

1. d4 Nf6 2. c4 e6 3. Nc3 b6 4. e4 d6 5. Bg5 Be7 6. Nf3 Bb7 7. Qc2 Nbd7 8.
Bd3 h6 9. Bh4 a6 10. h3 c5 11. d5 Qc7 12. Qe2 Nf8 13. Bg3 e5 14. Bc2 g5 15.
Nd2 Ng6 16. h4 gxh4 17. Bxh4 Nxh4 18. Rxh4 Nxd5 19. Nxd5 Bxd5 20. Ba4+ Bc6
21. Bxc6+ Qxc6 22. Rh3 O-O-O 23. O-O-O Bg5 24. Kb1 Rhf8 25. Nf3 f5 26. Nxg5
hxg5 27. exf5 Rxf5 28. Qg4 Rf8 29. Rhd3 Kc7 30. Rxd6 Qxd6 31. Rxd6 Kxd6 32.
f3 Kc7 33. Qe4 a5 34. a4 Kb8 35. Ka2 Ka7 36. Qc6 R8f7 37. Qd5 e4 38. Qxe4
Rf4 39. Qd5 g4 40. fxg4 Rg7 41. g5 Rg4 42. g6 R4xg6 43. Qe4 Rxg2 44. Qe5 Rd7
45. Qc3 Rdd2 46. Qe5 Rd7 47. Qc3 Rg4 48. Qb3 Rgd4 49. Qb5 Re7 50. Qb3 Ree4
51. Qg3 Re7 52. Qb3 Rd2 53. Qg3 Red7 54. Qe5 R2d3 55. Qh2 R3d4 56. Qe2 Rd2
57. Qe6 R2d6 58. Qe4 Rb7 59. Qe5 Rd4 60. Qe6 Ka6 61. Qc8 Ka7 62. Qe6 Rbd7
63. Qe2 Rd2 64. Qe6 Rh7 65. Qe5 Rc2 66. Qe4 Rch2 67. Qe5 R2h4 68. Qd5 Rd4
69. Qe6 Rhd7 70. Qe2 Kb7 71. Qe6 Ka7 72. Qe2 Rd2 73. Qe6 R7d6 74. Qe4 R2d4
75. Qe2 Rd7 76. Qe6 Rd3 77. Qe5 Kb7 78. Qe6 Kc7 79. Qe4 R3d4 80. Qe2 Kd6 81.
Qf1 Re7 82. Qf6+ Re6 83. Qd8+ Ke5 84. Qc7+ Rdd6 85. Qg7+ Ke4 86. Qg4+ Kd3
87. Kb3 Re3 88. Ka2 Rde6 89. Qf4 R3e4 90. Qf1+ Kd4 91. Kb3 Re1 92. Qf4+ Kd3
93. Qf5+ R1e4 94. Qd5+ Ke2 95. Qh5+ Kd2 96. Qd5+ Kc1 97. Qg5+ Re3+ 98. Ka2
Kc2 99. Qf5+ R6e4 100. Qd5 Rd4 101. Qg2+ Kd3 102. Qf1+ Re2 103. Qf3+ Kd2
104. Qc3+ Kd1 105. Kb1 Ree4 106. Qc1+ Ke2 107. Qc2+ Ke1 108. Qc1+ Rd1 109.
Qxd1+ Kxd1 110. b4 axb4 111. a5 bxa5 112. Ka1 Kc2 113. Ka2 b3+ 114. Ka3 b2
115. Ka4 Rxc4+ {White resigns} 0-1

[Event "ICC tourney 2784 (30 10)"]
[Site "Internet Chess Club"]
[Date "2022.01.02"]
[Round "1"]
[White "Luo, Will:willluowin"]
[Black "Laido, Olivia:beibeiolivia"]
[Result "0-1"]
[ICCResult "White checkmated"]
[WhiteElo "1692"]
[BlackElo "1409"]
[Opening "English opening"]
[ECO "A20"]
[NIC "EO.24"]
[Time "12:00:30"]
[PlyCount "158"]
[TimeControl "1800+10"]

1. c4 e5 2. g3 Nf6 3. Bg2 d5 4. cxd5 Nxd5 5. Nc3 Nb6 6. Nf3 Nc6 7. O-O Be7
8. d3 O-O 9. b3 Bf5 10. Bb2 Bf6 11. Rc1 Qd7 12. Nd2 Bh3 13. Nce4 Be7 14. Nf3
f6 15. Nc5 Bxc5 16. Rxc5 Bxg2 17. Kxg2 Rad8 18. Nd2 Rfe8 19. Rc1 Qg4 20. Nc4
Nd5 21. Ne3 Nf4+ 22. Kh1 Qxe2 23. gxf4 Qxb2 24. Qg4 Kf7 25. Rg1 g6 26. f5
Rg8 27. Qc4+ Kf8 28. Qh4 Rd6 29. Qxh7 Qxf2 30. Rxg6 Ne7 31. Rxg8+ Nxg8 32.
Rg1 Qf3+ 33. Rg2 Ne7 34. Qh8+ Kf7 35. Qg7+ Ke8 36. Qg3 Qxg3 37. Rxg3 Rxd3
38. h4 Rd4 39. Rh3 Kf7 40. h5 Kg7 41. Kg2 Rf4 42. Rf3 Rh4 43. Rg3+ Kf7 44.
Rh3 Rxh3 45. Kxh3 Kg7 46. Kh4 c6 47. a3 b6 48. b4 a6 49. Kg3 Kh6 50. Kh4 Kg7
51. Kg3 Nd5 52. Ng4 c5 53. bxc5 bxc5 54. Kf3 c4 55. Ke4 c3 56. h6+ Kh7 57.
Kd3 e4+ 58. Kc2 e3 59. Kd3 Kh8 60. Nh2 Kg8 61. Ng4 Kh7 62. a4 a5 63. Nxe3
Nxe3 64. Kxe3 Kxh6 65. Kd3 Kg5 66. Kxc3 Kxf5 67. Kc4 Ke5 68. Kb5 f5 69. Kxa5
f4 70. Kb6 f3 71. a5 f2 72. a6 f1=Q 73. Kb7 Qg2+ 74. Kb8 Qb2+ 75. Ka8 Kd6
76. a7 Qc3 77. Kb7 Qc6+ 78. Kb8 Qc7+ 79. Ka8 Qc8# {White checkmated} 0-1

[Event "ICC tourney 2784 (30 10)"]
[Site "Internet Chess Club"]
[Date "2022.01.02"]
[Round "1"]
[White "QIAN, BOBBY:math54321"]
[Black "LIU, PATRICK PEIJUN:JunlinTheWorld"]
[Result "1-0"]
[ICCResult "Black checkmated"]
[WhiteElo "1610"]
[BlackElo "1817"]
[Opening "Sicilian: Hungarian variation"]
[ECO "B34"]
[NIC "SI.33"]
[Time "12:00:39"]
[PlyCount "171"]
[TimeControl "1800+10"]

1. e4 c5 2. Nf3 g6 3. d4 cxd4 4. Nxd4 Nc6 5. Be3 Bg7 6. Nc3 Nf6 7. Be2 O-O
8. O-O d5 9. exd5 Nxd5 10. Nxd5 Nxd4 11. Bxd4 Qxd5 12. Bxg7 Qxd1 13. Raxd1
Kxg7 14. Bf3 Bf5 15. c3 Rac8 16. Rfe1 Rc7 17. Rd4 Be6 18. g3 a6 19. a3 b5
20. Bd5 Bc8 21. a4 Rd8 22. axb5 axb5 23. Red1 e5 24. Rb4 Rc5 25. Bf3 Rxd1+
26. Bxd1 Bd7 27. Kg2 f5 28. Be2 Bc6+ 29. f3 Rd5 30. Kf2 g5 31. h4 gxh4 32.
Rxh4 e4 33. fxe4 fxe4 34. Rxe4 Rd2 35. Rb4 Rd5 36. Bf3 Rf5 37. Rf4 Rc5 38.
Bxc6 Rxc6 39. Rb4 Rc5 40. Ke3 Kf6 41. g4 h5 42. gxh5 Rxh5 43. Re4 Rh2 44. b4
Rh8 45. Kd3 Kf5 46. Re1 Rd8+ 47. Kc2 Kf6 48. Re4 Rb8 49. Kd3 Kf5 50. Re7
Rd8+ 51. Kc2 Kf6 52. Re2 Rc8 53. Kb3 Rd8 54. Re4 Kf5 55. Re7 Rd5 56. Re3 Kf4
57. c4 Rd1 58. Re2 Rb1+ 59. Kc3 Kf3 60. Rb2 Rc1+ 61. Rc2 Rh1 62. cxb5 Rh8
63. Rd2 Ke4 64. Rd6 Ke5 65. Rd7 Rb8 66. Kc4 Ke6 67. Rd5 Rc8+ 68. Rc5 Rh8 69.
b6 Kd7 70. Kb5 Rb8 71. Ka6 Kd6 72. Ka7 Rh8 73. b7 Rh7 74. Ka8 Rh8+ 75. b8=Q+
Rxb8+ 76. Kxb8 Ke6 77. Kc7 Kf6 78. b5 Kg6 79. b6 Kf6 80. b7 Ke6 81. b8=Q Kf6
82. Qb6+ Kf7 83. Kb7 Ke7 84. Ka7 Kd7 85. Rc7+ Kd8 86. Qb8# {Black
checkmated} 1-0

[Event "ICC tourney 2784 (30 10)"]
[Site "Internet Chess Club"]
[Date "2022.01.02"]
[Round "2"]
[White "TANG, VINCENT:VincentT2008"]
[Black "WAKIDA, KEN:Yamato1945"]
[Result "1-0"]
[ICCResult "Black checkmated"]
[WhiteElo "1767"]
[BlackElo "1617"]
[Opening "QGD: Tarrasch, Schlechter-Rubinstein system"]
[ECO "D33"]
[NIC "TD.09"]
[Time "14:00:20"]
[PlyCount "55"]
[TimeControl "1800+10"]

1. d4 d5 2. c4 e6 3. Nc3 c5 4. cxd5 exd5 5. Nf3 Nc6 6. g3 Bf5 7. a3 Nf6 8.
Bg2 h6 9. O-O Be7 10. Be3 cxd4 11. Nxd4 Nxd4 12. Bxd4 O-O 13. Qb3 Ne4 14.
Rfd1 Nxc3 15. Bxc3 Bg4 16. Bxd5 Qc7 17. f3 Bf5 18. Rac1 Rad8 19. Kg2 Rxd5
20. Qxd5 Be6 21. Qe4 Bb3 22. Bxg7 Qb6 23. Bxf8 Bxf8 24. Qg4+ Kh8 25. Rc8 f5
26. Rxf8+ Kh7 27. Rd7+ Bf7 28. Rdxf7# {Black checkmated} 1-0

[Event "ICC tourney 2784 (30 10)"]
[Site "Internet Chess Club"]
[Date "2022.01.02"]
[Round "2"]
[White "Jin, Xiaodong:SuperWJ"]
[Black "Luo, Will:willluowin"]
[Result "0-1"]
[ICCResult "White checkmated"]
[WhiteElo "1615"]
[BlackElo "1692"]
[Opening "Queen's pawn game"]
[ECO "E10"]
[NIC "QI.01"]
[Time "14:00:20"]
[PlyCount "64"]
[TimeControl "1800+10"]

1. d4 Nf6 2. c4 e6 3. Nf3 d5 4. cxd5 exd5 5. g3 c6 6. Bg2 Nbd7 7. O-O Bd6 8.
Nc3 O-O 9. Bg5 h6 10. Bxf6 Nxf6 11. Ne5 Nd7 12. Nxd7 Bxd7 13. e4 dxe4 14.
Nxe4 Qc7 15. d5 Be5 16. dxc6 Bxc6 17. Qb3 Rad8 18. Rad1 Rxd1 19. Rxd1 Rd8
20. Rxd8+ Qxd8 21. Nc5 Bxg2 22. Kxg2 b6 23. Nd3 Qa8+ 24. Kg1 Bf6 25. Nf4 Qe4
26. Nd5 Bd4 27. Nc3 Qe1+ 28. Kg2 Qxf2+ 29. Kh3 Qf1+ 30. Kg4 h5+ 31. Kxh5
Qh3+ 32. Kg5 Be3# {White checkmated} 0-1

[Event "ICC tourney 2784 (30 10)"]
[Site "Internet Chess Club"]
[Date "2022.01.02"]
[Round "2"]
[White "TU, LAWRENCE:LawrenceTu"]
[Black "GILLMAN, JONES:JonesGill"]
[Result "1-0"]
[ICCResult "Black checkmated"]
[WhiteElo "1633"]
[BlackElo "1534"]
[Opening "Caro-Kann: anti-anti-Caro-Kann defense"]
[ECO "A11"]
[NIC "EO.64"]
[Time "14:01:13"]
[PlyCount "147"]
[TimeControl "1800+10"]

1. c4 c6 2. e4 d5 3. cxd5 cxd5 4. exd5 Nf6 5. Nc3 Nxd5 6. d4 Nc6 7. Nf3 Bg4
8. Be2 e6 9. O-O Be7 10. h3 Bf5 11. Bd3 Bxd3 12. Qxd3 O-O 13. a3 Bf6 14. Be3
Nde7 15. Ne4 Nf5 16. Nxf6+ Qxf6 17. Bg5 Qg6 18. Qe4 Nfxd4 19. Qxg6 Nxf3+ 20.
gxf3 hxg6 21. Rfd1 f6 22. Be3 Rad8 23. Bc5 Rfe8 24. Kg2 e5 25. b4 a6 26. Bb6
Rc8 27. Rd7 Re7 28. Rad1 Rce8 29. Bc5 Rxd7 30. Rxd7 Nd8 31. Bb6 Ne6 32. Rxb7
Nf4+ 33. Kh2 Ra8 34. Rd7 Kf8 35. a4 Kg8 36. a5 Ne2 37. Kg2 Nc3 38. Kg3 Nb5
39. f4 e4 40. f5 gxf5 41. Kf4 g6 42. h4 Rf8 43. h5 Rf7 44. Rd8+ Kg7 45. Ra8
g5+ 46. Kxf5 Nc7 47. Bxc7 Rxc7 48. Rxa6 Rc4 49. Rb6 Rc2 50. a6 Rxf2+ 51.
Kxe4 Ra2 52. b5 g4 53. Kf4 Ra4+ 54. Kg3 f5 55. Rb7+ Kh6 56. a7 Kxh5 57. b6
f4+ 58. Kf2 Ra2+ 59. Kf1 Ra1+ 60. Ke2 Ra2+ 61. Kd3 f3 62. Rh7+ Kg6 63. Rh1
g3 64. b7 g2 65. Rg1 Ra3+ 66. Ke4 Ra1 67. b8=Q Rxg1 68. Qg3+ Kf6 69. Qxf3+
Kg7 70. Qg3+ Kh7 71. a8=Q Re1+ 72. Qxe1 g1=Q 73. Qxg1 Kh6 74. Qh8#
{Black checkmated}
1-0

[Event "ICC tourney 2784 (30 10)"]
[Site "Internet Chess Club"]
[Date "2022.01.02"]
[Round "2"]
[White "WILSON, MATTHEW R:roamingmatt"]
[Black "OPASKA, MICHAEL:mopaska1106"]
[Result "0-1"]
[ICCResult "White checkmated"]
[WhiteElo "1900"]
[BlackElo "1874"]
[Opening "Sicilian: Nimzovich-Rossolimo attack (without ...d6)"]
[ECO "B30"]
[NIC "SI.31"]
[Time "14:01:10"]
[PlyCount "44"]
[TimeControl "1800+10"]

1. e4 c5 2. Nf3 Nc6 3. Bb5 Nd4 4. Nxd4 cxd4 5. O-O e6 6. Re1 Bc5 7. Qg4 Nf6
8. Qg5 Bf8 9. c3 a6 10. Bf1 Qb6 11. e5 Nd5 12. Qg4 h5 13. Qxd4 Bc5 14. Qh4
g5 15. Qg3 h4 16. Qf3 g4 17. Qe2 Nf4 18. Qxg4 Bxf2+ 19. Kh1 Nh5 20. Re3 Ng3+
21. Rxg3 hxg3 22. Qg7 Rxh2# {White checkmated} 0-1